 Seeded DCSS version 0.28-a0-957-g42eb19b844 (webtiles) character file.

Game seed: 20211201 (custom seed)

132 a11behringer the Ruffian (level 4, 0/35 HPs)
             Began as a Draconian Transmuter on Dec 1, 2021.
             Slain by an orc (1 damage)
             ... on level 4 of the Dungeon.
             The game lasted 00:07:40 (2706 turns).

a11behringer the Ruffian (Draconian Transmuter)     Turns: 2706, Time: 00:07:40

Health: 0/35       AC:  5    Str: 13    XL:     4   Next: 92%
Magic:  6/8        EV: 12    Int: 15    God:
Gold:   113        SH:  0    Dex: 11    Spells: 5/8 levels left

rFire   . . .      SeeInvis .     - Unarmed
rCold   . . .      Faith    .   (no shield)
rNeg    . . .      Spirit   .   (armour unavailable)
rPois   .          Reflect  .   (helmet restricted)
rElec   .          Harm     .   (no cloak)
rCorr   .          Rampage  .   (no gloves)
Will    .....                   (no boots)
Stlth   +.........              (no amulet)
HPRegen 0.11/turn               (no ring)
MPRegen 0.11/turn               (no ring)

@: confused, wereblooded
A: AC +5, unfitting armour, cold-blooded
a: no special abilities


You were on level 4 of the Dungeon.
You visited 1 branch of the dungeon, and saw 4 of its levels.

You collected 113 gold pieces.

Inventory:

Missiles
 l - 12 poisoned darts
Scrolls
 b - a scroll of identify {unknown}
 c - 2 scrolls of teleportation {unknown}
 e - a scroll of immolation {unknown}
 i - a scroll of blinking {unknown}
Potions
 a - a potion of degeneration {unknown}
 d - a potion of curing {unknown}
 f - a potion of might {unknown}
 g - 2 potions of mutation {unknown}
 h - a potion of cancellation {unknown}
 j - a potion of brilliance {unknown}
 k - a potion of attraction {unknown}


   Skills:
 + Level 1.2 Fighting
 + Level 2.5 Dodging
 + Level 4.1 Unarmed Combat
 + Level 2.7 Spellcasting
 * Level 2.9 Transmutations


You had 5 spell levels left.
You knew the following spells:

 Your Spells              Type           Power      Damage    Failure   Level
a - Beastly Appendage     Tmut           20%        N/A       6%          1
b - Wereblood             Tmut           10%        N/A       10%         2

Your spell library contained the following spells:

 Spells                   Type           Power      Damage    Failure   Level
 Spider Form              Tmut/Pois      6%         N/A       32%         3
 Ice Form                 Ice/Tmut       6%         N/A       73%         4


Dungeon Overview and Level Annotations

Branches:
Dungeon (4/15)
 Temple: D:4-7

Altars:


Innate Abilities, Weirdness & Mutations

Your plain brown scales are hard. (AC +5)
You cannot fit into any form of body armour.
You are cold-blooded and may be slowed by cold attacks.


Message History

The orc wizard is heavily wounded.
The orc hits you with a +0 flail. The orc barely misses you.
The orc wizard hits you but does no damage.
You hit the orc wizard.
The orc wizard is heavily wounded.
The orc hits you with a +0 flail.
You hit the orc.
You feel a bit better.
You kill the orc!
The orc wizard gestures at you while chanting.
You are confused.
The orc hits you with a +0 flail.
You barely miss the orc.
Your tail-slap misses the orc.
The orc wizard points at you and mumbles some strange words.
You are more confused.
The orc closely misses you.
You barely miss the orc wizard.
The orc wizard is heavily wounded.
The orc wizard closely misses you. The orc closely misses you.
The orc hits you with a +0 flail. The orc hits you with a +0 club.
You closely miss the orc wizard.
The orc wizard is heavily wounded.
The orc wizard barely misses you. The orc hits you but does no damage.
The orc hits you with a +0 flail.
* * * LOW HITPOINT WARNING * * *
You're too confused to move!
The orc barely misses you.
The orc wizard points at you and mumbles some strange words.
You are more confused.
The orc hits you with a +0 dagger.
* * * LOW HITPOINT WARNING * * *
The orc misses you.
You hit the orc wizard.
Your tail-slap misses the orc wizard.
The orc wizard is almost dead.
The orc hits you with a +0 club.
* * * LOW HITPOINT WARNING * * *
The orc wizard hits you but does no damage.
The orc hits you with a +0 dagger.
* * * LOW HITPOINT WARNING * * *
The orc barely misses you.
You bump into the rock wall.
The orc hits you with a +0 club.
You die...

#.........##+###
#.........#....#
#..(......#....# .
....<.....#....# ..
..........#....######...
.##########....#.......#
.#.............#.......#
.#.............#.......#
.'...............#
+........#.......#
#....(...#.......#
#........#


You could see an orc wizard and 3 orcs.

Vanquished Creatures
  An orc priest (D:4)
  5 adders
  A dart slug (D:1)
  3 orcs (D:4)
  6 endoplasms
  4 giant cockroaches
  6 goblins
  5 hobgoblins
  2 jackals (D:2)
  2 quokkas (D:2)
  A ball python (D:4)
  2 bats
  3 frilled lizards
  7 kobolds
  3 rats
51 creatures vanquished.

Notes
Turn   | Place    | Note
-------+----------+-------------------------------------------
     0 | D:1      | a11behringer the Draconian Transmuter began the quest for
                  | the Orb.
     0 | D:1      | Reached XP level 1. HP: 16/16 MP: 3/3
   218 | D:1      | Reached XP level 2. HP: 19/23 MP: 3/5
   885 | D:2      | Reached XP level 3. HP: 28/28 MP: 4/6
  1501 | D:2      | Reached skill level 4 in Unarmed Combat
  1501 | D:2      | Reached XP level 4. HP: 35/35 MP: 5/7
  1567 | D:2      | Learned a level 2 spell: Wereblood
  2705 | D:4      | HP: 1/35 [orc (3)]
  2706 | D:4      | Slain by an orc

Illustrated notes

Levels and vault maps discovered:
D:1:      giann_wishing_wells, layout_basic
D:2:      layout_loops_corners, minmay_misc_feat_iff
D:3:      layout_rooms
D:4:      layout_gridville

Skill      XL: |  1  2  3 |
---------------+----------+-----
Dodging        | 2 |  2.5
Unarmed Combat | 4 |  4.1
Fighting       | |  1.2
Spellcasting   | |  2.7
Transmutations | |  2.9

Action                   |  1- 3 |  4- 6 || total
-------------------------+-------+-------++-------
Melee: Unarmed           |    82 |    56 ||   138
       Kick              |    21 |     3 ||    24
       Headbutt          |     8 |     6 ||    14
       Tailslap          |     6 |     5 ||    11
       Punch             |     1 |     2 ||     3
 Cast: Beastly Appendage |    24 |    12 ||    36
       Wereblood         |       |     3 ||     3
Armor: Skin              |    29 |    19 ||    48
Dodge: Dodged            |    53 |    60 ||   113

Table legend: (Time is in decaauts)
 A = Elapsed time spent in this place.
 B = Non-inter-level travel time spent in this place.
 C = Inter-level travel time spent in this place.
 D = Time resting spent in this place.
 E = Time spent auto-exploring this place.
 F = Levels seen in this place.
 G = Mean time per level.
                   A        B        C        D        E       F      G
               +--------+--------+--------+--------+--------+-----+--------+
         Total |   2695 |   2366 |    329 |      0 |   2029 |   4 |  673.8 |
       Dungeon |   2695 |   2366 |    329 |      0 |   2029 |   4 |  673.8 |
               +--------+--------+--------+--------+--------+-----+--------+

Top non-repeatable levels by time:
     D:2: 1114 daAuts
     D:1: 877 daAuts
     D:3: 390 daAuts
     D:4: 312 daAuts
